 Dungeon Crawl Stone Soup version 0.31-a0-654-gbe3e110b4e (webtiles) character file.

Game seed: 17798965002932979636

1192 zenocrate the Changeling (level 8, 0/51 HPs)
             Began as an Octopode Shapeshifter on Aug 29, 2023.
             Was an Initiate of Gozag.
             Slain by an orc
             ... wielding a +0 club
              (5 damage)
             ... on level 5 of the Dungeon.
             The game lasted 00:05:44 (3979 turns).

zenocrate the Changeling (Octopode Shapeshifter)    Turns: 3979, Time: 00:05:45

Health: 0/51       AC:  1    Str: 13    XL:     8   Next: 43%
Magic:  9/9        EV: 13    Int: 13    God:    Gozag
Gold:   111        SH:  0    Dex: 13    Spells: 9/9 levels left

rFire   . .          .
                       - Unarmed
rCold   . . .        (no shield)
rNeg    . . .        (helmet currently unavailable)
rPois   .            (no amulet)
rElec   .            r - ring of resist corrosion
rCorr   +            (no ring)
SInv    .            (no ring)
Will    .....        (no ring)
Stlth   ++           (no ring)
HPRegen 0.28/turn    (no ring)
MPRegen 0.11/turn    (no ring)
                     (no ring)

%: no passive effects
@: beast-form, gold aura
A: beast (slay +3), almost no armour, amphibious, 8 rings, camouflage 1,
gelatinous body 1, (nimble swimmer 1), tentacles
a: Begin Untransformation, Renounce Religion, Potion Petition, Call Merchant,
Bribe Branch


You were on level 5 of the Dungeon.
You worshipped Gozag.
Gozag was aware of your devotion.
You were a hulking beast.
You visited 2 branches of the dungeon, and saw 6 of its levels.

You collected 229 gold pieces.
You spent 36 gold pieces at shops.
You paid 82 gold pieces to Gozag.

Inventory:

Missiles
 a - 8 poisoned darts (quivered)
 n - 5 javelins
Armour
 s - a +0 kite shield
Jewellery
 r - a ring of resist corrosion (left tentacle)
Talismans
 b - a beast talisman (active)
 c - a flux talisman
Scrolls
 d - 2 scrolls of blinking {unknown}
 g - 2 scrolls of identify {unknown}
 h - 2 scrolls of summoning {unknown}
 i - 2 scrolls of enchant armour {unknown}
 o - 3 scrolls of teleportation
 p - a scroll of vulnerability {unknown}
 q - a scroll of amnesia {unknown}
Potions
 e - a potion of ambrosia {unknown}
 f - a potion of might {unknown}
 j - 2 potions of berserk rage {unknown}
 k - 2 potions of heal wounds {unknown}
 l - a potion of haste
 m - 4 potions of curing {unknown}
 t - a potion of mutation {unknown}


   Skills:
 + Level 2.9 Fighting
 - Level 3.0 Dodging
 + Level 6.5 Unarmed Combat
 - Level 1.0 Spellcasting
 + Level 6.9 Shapeshifting


You had 9 spell levels left.
You didn't know any spells.
Your spell library was empty.

Dungeon Overview and Level Annotations

Branches:
Dungeon (5/15)             Temple (1/1) D:5

Altars:
Ashenzari
Cheibriados
Elyvilon
Fedhas
Gozag
Hepliaklqana
Kikubaaqudgha
Makhleb
Nemelex Xobeh
Okawaru
Qazlal
Sif Muna
Vehumet
Xom
Yredelemnul
Zin
The Shining One

Shops:
D:5 *


Innate Abilities, Weirdness & Mutations

You are a hulking beast.
Your limbs bulge with bestial killing power. (Slay +3)
You cannot wear most types of armour.
You are amphibious.
You can wear up to eight rings at the same time.
Your skin changes colour to match your surroundings (Stealth+).
Your rubbery body absorbs attacks. (AC +1, EV +1)
((You are camouflaged when in or above water. (Stealth+)))
You have tentacles for arms and can constrict up to eight enemies at once.


Message History

The phantom is lightly damaged.
The orc shouts!
The phantom barely misses you.
You tentacle-slap the phantom. x2; You squeeze the phantom.
The phantom is severely damaged.
The phantom misses you.
You bludgeon the phantom!
The phantom is almost destroyed.
The phantom misses you.
You barely miss the phantom.
The phantom is almost destroyed.
The phantom misses you.
You completely miss the phantom. Your squeeze misses the phantom.
The phantom is almost destroyed.
The phantom closely misses you.
You miss the phantom.
The phantom is almost destroyed.
The phantom barely misses you. The orc hits you with a +0 club.
You tentacle-slap the phantom.
You destroy the phantom!
You closely miss the iguana. You grab the iguana. You constrict the iguana.
The iguana closely misses you. The orc hits you with a +0 club.
You are too injured to fight recklessly!
You are too injured to fight recklessly!
You tentacle-slap the iguana.
The iguana is heavily wounded.
You constrict the iguana, but do no damage.
The iguana bites you! The orc hits you with a +0 club.
* * * LOW HITPOINT WARNING * * *
You bludgeon the iguana!
The iguana is almost dead.
You constrict the iguana, but do no damage.
The iguana closely misses you. The orc closely misses you.
You tentacle-slap the iguana but do no damage.
The iguana is almost dead.
You constrict the iguana. The iguana bites you!
* * * LOW HITPOINT WARNING * * *
The orc hits you with a +0 club.
You die...
Your body crumbles into a pile of gold.

#.............####
###............#
#.#.$........#$
#..............
###.............
#............##
#.......?...##
##$..........
#hl..........
##o...#....##
#....###### .....#
##.....# ..)....#
.....## #...##


You could see an iguana and an orc.

Vanquished Creatures
  Pikel (D:4)
  Menkaure (D:4)
  An ogre (D:4)
  A lemure (D:3)
  A phantom (D:5)
  A scorpion (D:4)
  2 hounds
  A jelly (D:4)
  Crazy Yiuf (D:2)
  An orc priest (D:3)
  3 iguanas (D:4)
  4 adders
  2 gnolls (D:4)
  5 worms
  5 dart slugs
  16 orcs
  6 endoplasms
  A giant cockroach (D:3)
  9 goblins
  8 hobgoblins
  5 jackals
  4 kobolds
  A quokka (D:5)
  4 ball pythons
  11 bats
  2 frilled lizards
  9 rats
106 creatures vanquished.

Notes
Turn   | Place    | Note
-------+----------+-------------------------------------------
     0 | D:1      | zenocrate the Octopode Shapeshifter began the quest for the
                  | Orb.
     0 | D:1      | Reached XP level 1. HP: 13/13 MP: 1/1
   173 | D:1      | Reached XP level 2. HP: 15/18 MP: 2/2
   483 | D:1      | Reached XP level 3. HP: 21/23 MP: 3/3
   914 | D:2      | Reached XP level 4. HP: 7/28 MP: 4/4
  1299 | D:2      | Found a runed translucent door.
  1300 | D:2      | Noticed Crazy Yiuf
  1481 | D:2      | Killed Crazy Yiuf
  1558 | D:3      | Reached skill level 1 in Spellcasting
  1760 | D:3      | Reached XP level 5. HP: 33/33 MP: 6/6
  2255 | D:3      | Found a sparkling altar of Nemelex Xobeh.
  2255 | D:3      | Found a basalt altar of Yredelemnul.
  2660 | D:4      | Noticed a lemure
  2661 | D:4      | Noticed Pikel
  2662 | D:4      | Noticed a lemure
  2667 | D:4      | Noticed a lemure
  2676 | D:3      | Killed a lemure
  2930 | D:4      | Noticed a lemure
  2950 | D:4      | Killed Pikel
  2951 | D:4      | Reached skill level 5 in Unarmed Combat
  2951 | D:4      | Reached XP level 6. HP: 38/38 MP: 7/7
  2951 | D:4      | Reached XP level 7. HP: 43/43 MP: 8/8
  3193 | D:4      | Found a broken altar of Ashenzari.
  3431 | D:4      | Noticed Menkaure
  3441 | D:4      | Killed Menkaure
  3442 | D:4      | Reached XP level 8. HP: 20/50 MP: 9/9
  3765 | D:4      | Found an iron altar of Okawaru.
  3870 | D:5      | Entered Level 5 of the Dungeon
  3870 | D:5      | Found Lupu's General Store.
  3879 | D:5      | Found a staircase to the Ecumenical Temple.
  3912 | Temple   | Entered the Ecumenical Temple
  3923 | Temple   | Became a worshipper of Gozag Ym Sagoz the Greedy
  3956 | D:5      | Bought a scroll of teleportation for 36 gold pieces
  3979 | D:5      | Slain by an orc

Illustrated notes

Levels and vault maps discovered:
D:1:      psy_arrival_dodecagon, layout_loops_cross
D:2:      layout_loops_ring, uniq_crazy_yiuf_cottage
D:3:      layout_basic, grunt_temple_overflow_open, dk_vineyard_2,
          serial_park_tiny_pond, amethyst_killhole,
          chequers_serial_rivers_micro_b
D:4:      layout_rooms, okawaru_altar_gauntlet_db, evilmike_ruin_ashenzari,
          serial_corexii_hall, chequers_hall_statues_y,
          chequers_hall_statues_corner_a, uniq_menkaure, uniq_pikel
D:5:      layout_cave_pools, minmay_temple_entry_statues_fountains,
          serial_shops, shop
Temple:   dshaligram_water_room_temple

Skill      XL: |  1  2  3  4  5  6  7 |
---------------+----------------------+-----
Dodging        | 3 |  3.0
Unarmed Combat | 4 5 6 |  6.5
Spellcasting   | 1 |  1.0
Shapeshifting  | 6 |  6.9
Fighting       | 2 |  2.9

Action                     |  1- 3 |  4- 6 |  7- 9 || total
---------------------------+-------+-------+-------++-------
  Melee: Unarmed           |    83 |    91 |    81 ||   255
         Constrict         |    23 |    20 |    16 ||    59
         Tentacles         |    14 |    14 |    18 ||    46
         Punch             |     2 |     3 |     6 ||    11
  Throw: Javelin           |       |       |     2 ||     2
         Dart              |       |       |     4 ||     4
    Use: Potion            |       |     1 |     2 ||     3
   Stab: Sleeping          |     7 |     5 |     1 ||    13
         Distracted        |     1 |       |       ||     1
 Armour: Skin              |     5 |    21 |     6 ||    32
  Dodge: Dodged            |    67 |    33 |    42 ||   142

Table legend: (Time is in decaauts)
 A = Elapsed time spent in this place.
 B = Non-inter-level travel time spent in this place.
 C = Inter-level travel time spent in this place.
 D = Time resting spent in this place.
 E = Time spent auto-exploring this place.
 F = Levels seen in this place.
 G = Mean time per level.
                   A        B        C        D        E       F      G
               +--------+--------+--------+--------+--------+-----+--------+
         Total |   3919 |   3747 |    172 |      8 |   3072 |   6 |  653.2 |
       Dungeon |   3898 |   3735 |    163 |      8 |   3072 |   5 |  779.6 |
        Temple |     20 |     12 |      8 |      0 |      0 |   1 |   20.0 |
               +--------+--------+--------+--------+--------+-----+--------+

Top non-repeatable levels by time:
     D:3: 1340 daAuts
     D:4: 924 daAuts
     D:2: 850 daAuts
     D:1: 696 daAuts
     D:5: 86 daAuts
  Temple: 20 daAuts
